[ PARTIDA AOE2 · #470118237 ]
UnrankedShu vs Franks
[ ANÁLISIS DE REPETICIÓN · EXTRAÍDO DE LA PARTIDA GRABADA ]
Feudal
12:15
Castillos
20:04
Imperial
—
| APM promedio | 34.9 |
| APM pico | 78 |
| eAPM promedio | 15.3 |
| Aldeanos / militares | 64 / 77 |
Foco
⚔️ 32.4% · 🌾 67.6%
Archer ×46 · Spearman ×12 · Skirmisher ×12 · Battering Ram ×7
Feudal
10:19
Castillos
21:06
Imperial
—
| APM promedio | 40.3 |
| APM pico | 112 |
| eAPM promedio | 16.2 |
| Aldeanos / militares | 74 / 55 |
Foco
⚔️ 35.5% · 🌾 64.5%
Knight ×39 · Scout Cavalry ×7 · Throwing Axeman ×7 · Monk ×1 · Spearman ×1
Feudal
9:47
Castillos
27:32
Imperial
—
| APM promedio | 57.1 |
| APM pico | 113 |
| eAPM promedio | 23.0 |
| Aldeanos / militares | 50 / 62 |
Foco
⚔️ 40.4% · 🌾 59.6%
Militia ×41 · Spearman ×21
Feudal
10:01
Castillos
23:36
Imperial
—
| APM promedio | 51.3 |
| APM pico | 87 |
| eAPM promedio | 19.1 |
| Aldeanos / militares | 79 / 55 |
Foco
⚔️ 33.1% · 🌾 66.9%
Militia ×41 · Unknown (1974) ×26 · Archer ×14
Mapa de la partida
Recursos iniciales + cada clic de construcción. Líneas = muros · curvas = relieve. ◆ oro · ⬟ piedra · ● bayas · ✦ reliquia · ◌ hueco del cierre
Tu base· ✓ Cerrada en 20:04 · 39t muro · 1 puerta(s)
Base de Souk à Belettes· ✓ Cerrada en 21:06 · 58t muro · sin puerta
Base de Amoxoaque· Abierta — hueco de 5t
Base de melchior· Abierta — hueco de 1t
Terreno inicial suavizado · ◌ = hueco del cierre detectado · pasá el cursor para detalles
Inputs por minuto
— Ruebar - - Souk à Belettes
Build order — Ruebar
Primeras 150 de 206 acciones detectadas
| 0:02 | Crear | Villager (Male) |
| 0:02 | Crear | Villager (Male) |
| 0:03 | Crear | Villager (Male) |
| 0:05 | Construir | House |
| 0:07 | Construir | House |
| 0:10 | Crear | Villager (Male) |
| 0:11 | Crear | Villager (Male) |
| 1:31 | Crear | Villager (Male) |
| 2:09 | Crear | Villager (Male) |
| 2:19 | Crear | Villager (Male) |
| 2:43 | Construir | Lumber Camp |
| 2:57 | Crear | Villager (Male) |
| 3:17 | Crear | Villager (Male) |
| 3:46 | Construir | House |
| 3:58 | Investigar | Loom |
| 4:01 | Crear | Villager (Male) |
| 4:01 | Crear | Villager (Male) |
| 4:12 | Crear | Villager (Male) |
| 5:25 | Construir | Mill |
| 5:40 | Crear | Villager (Male) |
| 5:47 | Construir | House |
| 6:04 | Crear | Villager (Male) |
| 6:13 | Construir | Mill |
| 6:32 | Crear | Villager (Male) |
| 6:57 | Crear | Villager (Male) |
| 7:04 | Construir | Farm |
| 7:25 | Crear | Villager (Male) |
| 7:26 | Crear | Villager (Male) |
| 7:36 | Construir | Farm |
| 7:43 | Construir | Farm |
| 8:16 | Crear | Villager (Male) |
| 8:23 | Construir | Farm |
| 8:42 | Crear | Villager (Male) |
| 8:55 | Construir | House |
| 8:57 | Construir | House |
| 9:15 | Crear | Villager (Male) |
| 9:31 | Crear | Villager (Male) |
| 9:46 | Investigar | Feudal Age |
| 10:05 | Construir | Palisade Wall |
| 10:07 | Construir | Palisade Wall |
| 10:28 | Construir | Mining Camp |
| 10:43 | Construir | Palisade Wall |
| 10:47 | Construir | Palisade Wall |
| 11:10 | Construir | Lumber Camp |
| 11:46 | Crear | Villager (Male) |
| 12:15 | Edad | Edad Feudal |
| 12:20 | Construir | Barracks |
| 12:31 | Construir | House |
| 12:43 | Crear | Villager (Male) |
| 12:55 | Construir | Palisade Wall |
| 12:57 | Construir | Palisade Wall |
| 12:59 | Construir | Palisade Wall |
| 13:02 | Crear | Spearman |
| 13:10 | Construir | House |
| 13:16 | Crear | Villager (Male) |
| 13:17 | Crear | Villager (Male) |
| 13:30 | Crear | Spearman |
| 14:03 | Crear | Spearman |
| 14:11 | Construir | House |
| 14:37 | Construir | House |
| 14:40 | Crear | Villager (Male) |
| 14:50 | Crear | Spearman |
| 15:01 | Investigar | Double-Bit Axe |
| 15:02 | Crear | Villager (Male) |
| 15:06 | Construir | Farm |
| 15:09 | Construir | Farm |
| 15:12 | Construir | Farm |
| 15:20 | Construir | Gate |
| 15:21 | Construir | House |
| 15:25 | Crear | Villager (Male) |
| 15:31 | Construir | Farm |
| 15:32 | Construir | Farm |
| 15:32 | Construir | Farm |
| 15:37 | Construir | Farm |
| 15:38 | Construir | Farm |
| 16:02 | Crear | Villager (Male) |
| 16:09 | Construir | Archery Range |
| 16:14 | Construir | Archery Range |
| 16:17 | Crear | Villager (Male) |
| 16:45 | Construir | Blacksmith |
| 16:54 | Crear | Villager (Male) |
| 17:05 | Construir | Farm |
| 17:08 | Construir | Farm |
| 17:22 | Construir | Farm |
| 17:24 | Investigar | Castle Age |
| 17:30 | Crear | Skirmisher |
| 17:31 | Crear | Skirmisher |
| 17:31 | Crear | Skirmisher |
| 17:31 | Crear | Skirmisher |
| 17:56 | Investigar | Padded Archer Armor |
| 17:58 | Crear | Skirmisher |
| 18:07 | Crear | Skirmisher |
| 18:32 | Crear | Skirmisher |
| 18:32 | Crear | Skirmisher |
| 19:18 | Crear | Villager (Male) |
| 19:20 | Investigar | Fletching |
| 19:24 | Crear | Skirmisher |
| 19:24 | Crear | Skirmisher |
| 19:33 | Crear | Skirmisher |
| 19:34 | Crear | Skirmisher |
| 19:40 | Crear | Spearman |
| 19:41 | Crear | Spearman |
| 19:45 | Crear | Villager (Male) |
| 19:56 | Construir | Farm |
| 20:04 | Edad | Edad de los Castillos |
| 20:05 | Construir | Mill |
| 20:06 | Construir | Farm |
| 20:06 | Construir | Farm |
| 20:06 | Construir | Farm |
| 20:09 | Crear | Villager (Male) |
| 20:35 | Investigar | Elite Skirmisher (upgrade) |
| 21:21 | Crear | Villager (Male) |
| 21:21 | Crear | Villager (Male) |
| 21:21 | Crear | Villager (Male) |
| 21:22 | Crear | Villager (Male) |
| 21:33 | Construir | Farm |
| 21:33 | Construir | Farm |
| 21:33 | Construir | Farm |
| 21:35 | Construir | Farm |
| 21:39 | Investigar | Crossbowman (upgrade) |
| 21:42 | Investigar | Leather Archer Armor |
| 22:43 | Investigar | Thumb Ring |
| 22:47 | Crear | Archer ×5 |
| 22:47 | Crear | Archer ×4 |
| 22:47 | Crear | Archer ×4 |
| 22:58 | Crear | Villager (Male) |
| 23:06 | Construir | House |
| 23:12 | Construir | House |
| 23:37 | Crear | Archer |
| 23:37 | Crear | Archer |
| 23:37 | Crear | Archer |
| 23:37 | Crear | Archer |
| 23:51 | Crear | Spearman |
| 24:09 | Construir | House |
| 24:14 | Crear | Archer |
| 24:14 | Crear | Archer |
| 24:14 | Crear | Archer |
| 24:32 | Crear | Spearman |
| 24:33 | Crear | Spearman |
| 24:33 | Crear | Spearman |
| 25:04 | Construir | Town Center |
| 25:11 | Crear | Spearman |
| 25:11 | Crear | Spearman |
| 25:22 | Crear | Archer |
| 25:23 | Crear | Archer |
| 25:23 | Crear | Archer |
| 26:30 | Crear | Villager (Male) |
| 26:30 | Crear | Villager (Male) |
| 26:32 | Crear | Villager (Male) |
| 26:37 | Construir | Siege Workshop |
Build order — Souk à Belettes
Primeras 150 de 208 acciones detectadas
| 0:01 | Crear | Villager (Male) |
| 0:01 | Crear | Villager (Male) |
| 0:02 | Crear | Villager (Male) |
| 0:02 | Crear | Villager (Male) |
| 0:04 | Construir | House |
| 0:06 | Construir | House |
| 2:00 | Crear | Villager (Male) |
| 2:41 | Crear | Villager (Male) |
| 2:41 | Crear | Villager (Male) |
| 3:14 | Construir | Lumber Camp |
| 3:40 | Crear | Villager (Male) |
| 3:41 | Crear | Villager (Male) |
| 3:42 | Crear | Villager (Male) |
| 3:44 | Crear | Villager (Male) |
| 4:54 | Crear | Villager (Male) |
| 4:54 | Crear | Villager (Male) |
| 4:54 | Crear | Villager (Male) |
| 5:04 | Construir | House |
| 5:34 | Construir | Mill |
| 5:36 | Crear | Villager (Male) |
| 5:45 | Crear | Villager (Male) |
| 5:45 | Crear | Villager (Male) |
| 5:45 | Crear | Villager (Male) |
| 6:25 | Construir | Mill |
| 7:01 | Investigar | Loom |
| 7:33 | Crear | Villager (Male) |
| 8:09 | Investigar | Feudal Age |
| 8:44 | Crear | Villager (Male) |
| 9:32 | Construir | Barracks |
| 9:34 | Construir | House |
| 9:53 | Crear | Villager (Male) |
| 10:19 | Edad | Edad Feudal |
| 10:24 | Construir | House |
| 10:26 | Crear | Villager (Male) |
| 10:41 | Construir | Stable |
| 10:45 | Construir | Palisade Wall |
| 10:56 | Construir | Palisade Wall |
| 10:58 | Crear | Villager (Male) |
| 11:10 | Investigar | Double-Bit Axe |
| 11:12 | Crear | Villager (Male) |
| 11:26 | Crear | Villager (Male) |
| 11:34 | Crear | Scout Cavalry |
| 11:34 | Crear | Scout Cavalry |
| 11:43 | Crear | Spearman |
| 11:51 | Construir | House |
| 11:57 | Construir | Palisade Wall |
| 12:03 | Construir | Palisade Wall |
| 12:05 | Construir | Palisade Wall |
| 12:09 | Construir | Palisade Wall |
| 12:13 | Construir | Palisade Wall |
| 12:15 | Construir | Palisade Wall |
| 12:32 | Crear | Villager (Male) |
| 12:36 | Construir | Farm |
| 12:40 | Construir | Farm |
| 12:43 | Construir | Farm |
| 12:45 | Construir | Farm |
| 12:45 | Construir | Farm |
| 12:54 | Crear | Villager (Male) |
| 13:05 | Construir | Farm |
| 13:17 | Construir | House |
| 13:22 | Construir | Farm |
| 13:25 | Construir | Farm |
| 13:28 | Crear | Scout Cavalry |
| 13:29 | Crear | Scout Cavalry |
| 14:11 | Crear | Villager (Male) |
| 14:11 | Crear | Villager (Male) |
| 14:12 | Crear | Villager (Male) |
| 14:34 | Crear | Villager (Male) |
| 14:35 | Crear | Villager (Male) |
| 14:35 | Crear | Villager (Male) |
| 14:53 | Construir | Farm |
| 14:53 | Construir | Farm |
| 14:58 | Construir | Farm |
| 14:58 | Construir | Farm |
| 15:11 | Construir | Mining Camp |
| 15:28 | Construir | Farm |
| 15:29 | Construir | Farm |
| 15:29 | Construir | Farm |
| 15:29 | Construir | Farm |
| 15:48 | Construir | Farm |
| 16:21 | Crear | Villager (Male) |
| 16:21 | Crear | Villager (Male) |
| 16:46 | Construir | Farm |
| 16:54 | Construir | House |
| 16:56 | Construir | House |
| 17:19 | Construir | Lumber Camp |
| 17:44 | Crear | Villager (Male) |
| 17:51 | Construir | Blacksmith |
| 18:12 | Construir | Farm |
| 18:18 | Construir | Palisade Wall |
| 18:26 | Investigar | Castle Age |
| 18:34 | Construir | Mining Camp |
| 18:58 | Investigar | Scale Mail Armor |
| 19:02 | Investigar | Forging |
| 19:10 | Construir | House |
| 19:13 | Crear | Scout Cavalry |
| 19:29 | Construir | Farm |
| 19:50 | Construir | Palisade Gate |
| 20:20 | Construir | Stable |
| 20:42 | Crear | Villager (Male) |
| 20:43 | Crear | Villager (Male) |
| 21:04 | Crear | Scout Cavalry |
| 21:04 | Crear | Scout Cavalry |
| 21:06 | Edad | Edad de los Castillos |
| 21:14 | Crear | Knight |
| 21:14 | Crear | Knight |
| 21:14 | Crear | Knight |
| 21:15 | Crear | Knight |
| 21:17 | Crear | Knight |
| 21:18 | Crear | Knight |
| 21:18 | Crear | Knight |
| 21:18 | Crear | Knight |
| 21:24 | Investigar | Scale Barding Armor |
| 21:34 | Investigar | Husbandry |
| 21:40 | Construir | Farm |
| 21:53 | Crear | Knight |
| 21:54 | Crear | Knight |
| 22:23 | Construir | Castle |
| 22:25 | Construir | Mining Camp |
| 22:29 | Crear | Knight |
| 22:30 | Crear | Knight |
| 22:31 | Crear | Villager (Male) |
| 22:31 | Crear | Villager (Male) |
| 22:31 | Crear | Villager (Male) |
| 23:05 | Crear | Villager (Male) |
| 23:06 | Crear | Knight |
| 23:55 | Crear | Knight |
| 24:03 | Crear | Villager (Male) |
| 24:03 | Crear | Villager (Male) |
| 24:23 | Crear | Villager (Male) |
| 24:23 | Crear | Villager (Male) |
| 24:23 | Crear | Villager (Male) |
| 24:24 | Crear | Knight |
| 25:02 | Construir | Castle |
| 25:21 | Crear | Villager (Male) |
| 25:21 | Crear | Villager (Male) |
| 25:21 | Crear | Villager (Male) |
| 26:11 | Crear | Knight |
| 26:11 | Crear | Knight |
| 26:12 | Crear | Knight |
| 26:13 | Crear | Villager (Male) |
| 26:13 | Crear | Villager (Male) |
| 26:56 | Crear | Villager (Male) |
| 26:56 | Crear | Villager (Male) |
| 27:08 | Crear | Villager (Male) |
| 27:08 | Crear | Villager (Male) |
| 27:15 | Construir | House |
| 27:16 | Construir | House |
| 27:16 | Construir | House |
| 27:50 | Construir | Town Center |
Build order — Amoxoaque
Primeras 150 de 187 acciones detectadas
| 0:03 | Construir | House |
| 0:04 | Construir | House |
| 0:05 | Crear | Villager (Male) |
| 0:05 | Crear | Villager (Male) |
| 0:26 | Crear | Villager (Male) |
| 0:27 | Crear | Villager (Male) |
| 1:46 | Crear | Villager (Male) |
| 2:05 | Crear | Villager (Male) |
| 2:05 | Crear | Villager (Male) |
| 2:22 | Crear | Villager (Male) |
| 2:26 | Construir | Lumber Camp |
| 3:08 | Crear | Villager (Male) |
| 3:08 | Crear | Villager (Male) |
| 3:15 | Construir | House |
| 3:27 | Crear | Villager (Male) |
| 4:06 | Crear | Villager (Male) |
| 4:06 | Crear | Villager (Male) |
| 4:09 | Crear | Villager (Male) |
| 4:09 | Crear | Villager (Male) |
| 4:24 | Crear | Villager (Male) |
| 5:07 | Construir | Mill |
| 6:03 | Crear | Villager (Male) |
| 6:03 | Crear | Villager (Male) |
| 7:37 | Investigar | Feudal Age |
| 8:14 | Construir | Barracks |
| 8:19 | Construir | House |
| 8:36 | Construir | Mining Camp |
| 9:12 | Crear | Villager (Male) |
| 9:12 | Crear | Villager (Male) |
| 9:47 | Edad | Edad Feudal |
| 9:56 | Crear | Villager (Male) |
| 10:05 | Crear | Militia |
| 10:05 | Crear | Militia |
| 10:21 | Investigar | Loom |
| 10:26 | Crear | Militia |
| 10:46 | Crear | Villager (Male) |
| 10:50 | Investigar | Man-at-Arms (upgrade) |
| 10:57 | Crear | Villager (Male) |
| 11:02 | Construir | Farm |
| 11:03 | Construir | Farm |
| 11:04 | Construir | Farm |
| 11:06 | Investigar | Double-Bit Axe |
| 11:25 | Crear | Militia |
| 11:30 | Crear | Villager (Male) |
| 11:49 | Crear | Militia |
| 11:59 | Construir | Farm |
| 12:35 | Crear | Villager (Male) |
| 12:35 | Crear | Villager (Male) |
| 12:37 | Crear | Militia |
| 12:37 | Crear | Militia |
| 12:41 | Construir | House |
| 12:42 | Construir | House |
| 13:03 | Crear | Villager (Male) |
| 13:07 | Construir | Farm |
| 13:08 | Construir | Farm |
| 13:12 | Construir | House |
| 13:40 | Crear | Villager (Male) |
| 13:40 | Crear | Villager (Male) |
| 14:17 | Construir | Farm |
| 14:33 | Construir | Blacksmith |
| 14:55 | Construir | Farm |
| 14:59 | Construir | Farm |
| 15:01 | Construir | Farm |
| 15:02 | Construir | Farm |
| 15:04 | Crear | Villager (Male) |
| 15:23 | Crear | Spearman |
| 15:24 | Crear | Spearman |
| 15:39 | Crear | Spearman |
| 16:09 | Crear | Militia |
| 16:10 | Crear | Militia |
| 16:15 | Crear | Villager (Male) |
| 16:15 | Crear | Villager (Male) |
| 16:27 | Construir | House |
| 16:29 | Construir | House |
| 17:05 | Crear | Villager (Male) |
| 17:05 | Crear | Villager (Male) |
| 17:14 | Construir | Barracks |
| 17:58 | Crear | Villager (Male) |
| 17:58 | Crear | Villager (Male) |
| 18:02 | Crear | Militia |
| 18:02 | Crear | Militia |
| 18:10 | Crear | Villager (Male) |
| 18:32 | Construir | House |
| 18:45 | Investigar | Scale Mail Armor |
| 18:50 | Crear | Spearman |
| 18:50 | Crear | Spearman |
| 18:56 | Construir | Farm |
| 18:58 | Construir | Farm |
| 19:21 | Construir | Farm |
| 19:22 | Construir | Farm |
| 19:33 | Construir | Farm |
| 19:34 | Crear | Villager (Male) |
| 19:35 | Crear | Villager (Male) |
| 19:44 | Crear | Spearman |
| 19:47 | Crear | Spearman |
| 20:04 | Crear | Villager (Male) |
| 20:10 | Construir | Farm |
| 20:12 | Construir | Farm |
| 20:14 | Construir | Farm |
| 20:33 | Crear | Militia |
| 20:34 | Crear | Militia |
| 20:37 | Construir | Farm |
| 20:38 | Construir | Farm |
| 20:40 | Crear | Villager (Male) |
| 20:40 | Crear | Villager (Male) |
| 20:52 | Crear | Spearman |
| 20:52 | Crear | Spearman |
| 21:16 | Construir | Farm |
| 21:17 | Construir | Farm |
| 21:34 | Construir | Farm |
| 22:07 | Crear | Militia |
| 22:07 | Crear | Militia |
| 22:10 | Crear | Villager (Male) |
| 22:10 | Crear | Villager (Male) |
| 22:13 | Construir | Farm |
| 22:18 | Construir | House |
| 22:38 | Construir | House |
| 22:39 | Construir | House |
| 22:48 | Construir | Farm |
| 22:50 | Crear | Villager (Male) |
| 23:06 | Construir | Market |
| 23:21 | Crear | Militia |
| 23:21 | Crear | Militia |
| 23:23 | Crear | Spearman |
| 23:24 | Crear | Spearman |
| 23:25 | Crear | Spearman |
| 23:25 | Crear | Spearman |
| 23:41 | Crear | Spearman |
| 23:42 | Crear | Spearman |
| 23:58 | Crear | Spearman |
| 23:58 | Crear | Spearman |
| 24:05 | Investigar | Forging |
| 24:14 | Crear | Spearman |
| 24:14 | Crear | Spearman |
| 24:52 | Investigar | Castle Age |
| 25:03 | Crear | Spearman |
| 25:03 | Crear | Spearman |
| 25:32 | Construir | House |
| 25:35 | Construir | House |
| 25:40 | Construir | Stone Wall |
| 26:43 | Construir | Stone Wall |
| 26:55 | Construir | Barracks |
| 27:02 | Crear | Militia |
| 27:03 | Crear | Militia |
| 27:04 | Crear | Militia |
| 27:21 | Crear | Militia |
| 27:21 | Crear | Militia |
| 27:32 | Edad | Edad de los Castillos |
| 27:33 | Investigar | Long Swordsman (upgrade) |
| 27:36 | Investigar | Chain Mail Armor |
Build order — melchior
Primeras 150 de 294 acciones detectadas
| 0:01 | Crear | Villager (Male) |
| 0:01 | Crear | Villager (Male) |
| 0:02 | Crear | Villager (Male) |
| 0:02 | Crear | Villager (Male) |
| 0:04 | Construir | House |
| 0:05 | Construir | House |
| 1:33 | Crear | Villager (Male) |
| 1:52 | Construir | Lumber Camp |
| 2:00 | Crear | Villager (Male) |
| 2:00 | Crear | Villager (Male) |
| 2:15 | Crear | Villager (Male) |
| 2:16 | Crear | Villager (Male) |
| 2:42 | Crear | Villager (Male) |
| 2:59 | Crear | Villager (Male) |
| 3:37 | Crear | Villager (Male) |
| 3:40 | Construir | House |
| 3:41 | Construir | House |
| 3:50 | Construir | Palisade Gate |
| 4:00 | Crear | Villager (Male) |
| 4:17 | Crear | Villager (Male) |
| 4:49 | Crear | Villager (Male) |
| 4:51 | Crear | Villager (Male) |
| 4:51 | Crear | Villager (Male) |
| 6:24 | Crear | Villager (Male) |
| 6:31 | Construir | Barracks |
| 7:01 | Crear | Villager (Male) |
| 7:05 | Investigar | Loom |
| 7:35 | Investigar | Feudal Age |
| 7:45 | Crear | Militia |
| 7:45 | Crear | Militia |
| 8:00 | Construir | Mining Camp |
| 8:29 | Crear | Militia |
| 8:42 | Construir | Palisade Wall |
| 8:43 | Construir | Palisade Wall |
| 8:46 | Construir | Palisade Wall |
| 9:00 | Construir | Palisade Wall |
| 9:03 | Construir | Palisade Wall |
| 9:36 | Construir | House |
| 9:37 | Construir | House |
| 9:58 | Construir | Mill |
| 10:01 | Edad | Edad Feudal |
| 10:16 | Investigar | Man-at-Arms (upgrade) |
| 10:17 | Crear | Villager (Male) |
| 10:38 | Crear | Villager (Male) |
| 10:46 | Investigar | Double-Bit Axe |
| 10:49 | Construir | Farm |
| 11:00 | Crear | Militia |
| 11:14 | Crear | Villager (Male) |
| 11:34 | Construir | Farm |
| 11:41 | Construir | Farm |
| 11:48 | Construir | Palisade Gate |
| 11:56 | Crear | Villager (Male) |
| 12:26 | Crear | Villager (Male) |
| 12:33 | Construir | Archery Range |
| 12:50 | Construir | Palisade Wall |
| 12:56 | Crear | Villager (Male) |
| 13:01 | Crear | Villager (Male) |
| 13:29 | Crear | Villager (Male) |
| 13:37 | Crear | Villager (Male) |
| 13:38 | Construir | Farm |
| 13:43 | Construir | Farm |
| 13:43 | Crear | Archer |
| 13:44 | Crear | Archer |
| 13:45 | Construir | Farm |
| 13:58 | Construir | Blacksmith |
| 14:02 | Crear | Villager (Male) |
| 14:17 | Construir | Farm |
| 14:33 | Construir | House |
| 14:34 | Construir | House |
| 14:36 | Crear | Villager (Male) |
| 14:36 | Crear | Archer |
| 14:46 | Construir | House |
| 14:47 | Construir | Palisade Wall |
| 14:48 | Construir | Palisade Wall |
| 14:51 | Construir | House |
| 15:02 | Crear | Archer |
| 15:18 | Crear | Villager (Male) |
| 15:38 | Crear | Villager (Male) |
| 15:38 | Crear | Archer |
| 15:41 | Investigar | Fletching |
| 16:03 | Crear | Villager (Male) |
| 16:11 | Crear | Villager (Male) |
| 16:12 | Crear | Archer |
| 16:41 | Crear | Villager (Male) |
| 16:41 | Crear | Archer |
| 16:49 | Construir | Farm |
| 16:49 | Construir | Farm |
| 16:50 | Construir | Farm |
| 16:50 | Construir | Farm |
| 16:50 | Construir | Farm |
| 16:50 | Construir | Farm |
| 16:50 | Construir | Farm |
| 17:00 | Construir | Lumber Camp |
| 17:02 | Crear | Villager (Male) |
| 17:09 | Crear | Villager (Male) |
| 17:10 | Crear | Archer |
| 17:43 | Crear | Villager (Male) |
| 17:43 | Crear | Archer |
| 17:58 | Crear | Villager (Male) |
| 17:59 | Crear | Archer |
| 18:11 | Crear | Villager (Male) |
| 18:15 | Construir | Farm |
| 18:15 | Construir | Farm |
| 18:16 | Construir | Farm |
| 18:16 | Construir | Farm |
| 18:25 | Construir | Farm |
| 18:25 | Construir | Farm |
| 18:27 | Crear | Villager (Male) |
| 18:27 | Crear | Archer |
| 18:50 | Construir | Farm |
| 19:11 | Crear | Villager (Male) |
| 19:11 | Crear | Archer |
| 19:21 | Construir | Archery Range |
| 19:32 | Investigar | Wheelbarrow |
| 19:36 | Crear | Villager (Male) |
| 19:36 | Crear | Villager (Male) |
| 19:38 | Crear | Archer |
| 20:10 | Investigar | Padded Archer Armor |
| 20:11 | Crear | Archer |
| 20:20 | Construir | Market |
| 20:22 | Crear | Villager (Male) |
| 20:56 | Investigar | Castle Age |
| 21:24 | Construir | Barracks |
| 21:26 | Construir | Barracks |
| 21:58 | Investigar | Scale Mail Armor |
| 22:35 | Crear | Villager (Male) |
| 22:38 | Construir | Farm |
| 22:39 | Construir | Farm |
| 22:42 | Investigar | Gold Mining |
| 23:01 | Investigar | Forging |
| 23:17 | Construir | Farm |
| 23:18 | Construir | Farm |
| 23:18 | Construir | Farm |
| 23:18 | Construir | Farm |
| 23:18 | Construir | Farm |
| 23:19 | Construir | Farm |
| 23:29 | Construir | House |
| 23:30 | Construir | House |
| 23:32 | Construir | House |
| 23:36 | Edad | Edad de los Castillos |
| 23:37 | Investigar | Bow Saw |
| 23:37 | Investigar | Bow Saw |
| 23:39 | Crear | Unit 1974 |
| 23:39 | Crear | Unit 1974 |
| 23:39 | Crear | Unit 1974 |
| 23:39 | Crear | Unit 1974 |
| 23:39 | Crear | Unit 1974 |
| 23:42 | Investigar | Chain Mail Armor |
| 23:43 | Crear | Villager (Male) |
| 24:12 | Construir | Town Center |
Cronología de la partida
| 6:31 | melchior · first_building Barracks |
| 8:14 | Amoxoaque · first_building Barracks |
| 8:42 | melchior · wall_segment Palisade Wall x1 |
| 8:43 | melchior · wall_segment Palisade Wall x1 |
| 8:46 | melchior · wall_segment Palisade Wall x16 |
| 9:00 | melchior · wall_segment Palisade Wall x9 |
| 9:03 | melchior · wall_segment Palisade Wall x12 |
| 9:32 | Souk à Belettes · first_building Barracks |
| 9:47 | Amoxoaque · age_up feudal |
| 10:01 | melchior · age_up feudal |
| 10:05 | Ruebar · wall_segment Palisade Wall x11 |
| 10:07 | Ruebar · wall_segment Palisade Wall x5 |
| 10:19 | Souk à Belettes · age_up feudal |
| 10:41 | Souk à Belettes · first_building Stable |
| 10:43 | Ruebar · wall_segment Palisade Wall x3 |
| 10:45 | Souk à Belettes · wall_segment Palisade Wall x3 |
| 10:47 | Ruebar · wall_segment Palisade Wall x9 |
| 10:56 | Souk à Belettes · wall_segment Palisade Wall x22 |
| 11:57 | Souk à Belettes · wall_segment Palisade Wall x6 |
| 12:03 | Souk à Belettes · wall_segment Palisade Wall x7 |
| 12:05 | Souk à Belettes · wall_segment Palisade Wall x1 |
| 12:09 | Souk à Belettes · wall_segment Palisade Wall x5 |
| 12:13 | Souk à Belettes · wall_segment Palisade Wall x4 |
| 12:15 | Souk à Belettes · wall_segment Palisade Wall x6 |
| 12:15 | Ruebar · age_up feudal |
| 12:20 | Ruebar · first_building Barracks |
| 12:33 | melchior · first_building Archery Range |
| 12:50 | melchior · wall_segment Palisade Wall x1 |
| 12:55 | Ruebar · wall_segment Palisade Wall x3 |
| 12:57 | Ruebar · wall_segment Palisade Wall x4 |
| 12:59 | Ruebar · wall_segment Palisade Wall x4 |
| 14:47 | melchior · wall_segment Palisade Wall x1 |
| 14:48 | melchior · wall_segment Palisade Wall x1 |
| 16:09 | Ruebar · first_building Archery Range |
| 18:18 | Souk à Belettes · wall_segment Palisade Wall x5 |
| 20:04 | Ruebar · age_up castle |
| 21:06 | Souk à Belettes · age_up castle |
| 22:23 | Souk à Belettes · first_building Castle |
| 23:36 | melchior · age_up castle |
| 24:50 | Amoxoaque · first_market_buy 100 food |
| 25:40 | Amoxoaque · wall_segment Stone Wall x14 |
| 26:37 | Ruebar · first_building Siege Workshop |
| 26:43 | Amoxoaque · wall_segment Stone Wall x17 |
| 27:32 | Amoxoaque · age_up castle |
| 28:56 | Ruebar · first_market_sell 100 food |
| 29:13 | Souk à Belettes · first_building Monastery |
| 29:24 | Ruebar · first_market_buy 100 wood |
| 30:24 | Souk à Belettes · first_building Siege Workshop |
| 33:04 | melchior · first_market_buy 100 stone |
| 33:05 | melchior · first_market_sell 100 wood |
| 33:36 | Ruebar · resign |
[ ANÁLISIS IA · 1 CRÉDITO ]
¿Qué pasó realmente en esta partida?
Wolo.gg analiza cada decisión: build order, eco, micro, errores típicos por bracket. Análisis personalizado por WhatsApp o Discord en 30 segundos.
Guía civ
Shu
Perfil
Jugador #4094300